 Dungeon Crawl Stone Soup version 0.20-a0-1018-ge435b50 (webtiles) character file.

67 Megalobster the Chopper (level 3, -5/34 HPs)
             Began as a Minotaur Berserker on Apr 17, 2017.
             Was a Believer of Trog.
             Killed from afar by an oklob plant (10 damage)
             ... with a splash of acid
             ... on level 3 of the Dungeon.
             The game lasted 00:08:50 (1619 turns).

Megalobster the Chopper (Minotaur Berserker)        Turns: 1619, Time: 00:08:51

Health: -5/34      AC: -1    Str: 22    XL:     3   Next: 98%
Magic:  2/2        EV: 12    Int:  4    God:    Trog [**....]
Gold:   200        SH:  0    Dex:  9    Spells: 2/2 levels left

rFire    . . .     SeeInvis .   a - +0 hand axe
rCold    . . .     Gourm    .   (no shield)
rNeg     . . .     Faith    .   b - +0 animal skin
rPois    .         Spirit   .   (helmet restricted)
rElec    .         Reflect  .   (no cloak)
rCorr    .         Harm     .   (no gloves)
MR       .....                  (no boots)
Stlth    +.........             (no amulet)
Regen    0.2/turn               (no ring)
MPRegen  0.1/turn               (no ring)

@: corroded
A: retaliatory headbutt, horns 2
a: Berserk, Trog's Hand, Burn Spellbooks, Renounce Religion


You were on level 3 of the Dungeon.
You worshipped Trog.
Trog was pleased with you.
You were not hungry.

You visited 1 branch of the dungeon, and saw 3 of its levels.

You collected 200 gold pieces.

Inventory:

Hand Weapons
 a - a +0 hand axe (weapon)
 r - a +0 hunting sling
Missiles
 m - 106 stones (quivered)
Armour
 b - a +0 animal skin (worn)
 o - a +0 pair of gloves
 q - a +0 ring mail
Magical Staves
 l - an uncursed staff of earth {unknown}
Scrolls
 f - 4 scrolls of enchant weapon {unknown}
 g - 2 scrolls of remove curse {unknown}
 i - 3 scrolls of identify {unknown}
 j - 2 scrolls of teleportation {unknown}
Potions
 e - a potion of agility {unknown}
 k - a potion of magic {unknown}
 p - a potion of brilliance {unknown}
 s - a potion of lignification {unknown}
 t - a potion of haste {unknown}
 u - a potion of degeneration {unknown}
Comestibles
 c - 4 bread rations
 d - a meat ration
 h - 5 chunks of flesh
 n - 3 fruits


   Skills:
 + Level 4.3 Fighting
 * Level 5.3 Axes
 - Level 2.4 Armour
 - Level 2.1 Dodging


You had 2 spell levels left.
You didn't know any spells.

Dungeon Overview and Level Annotations

Branches:
Dungeon (3/15)

Altars:
Fedhas
Nemelex Xobeh
The Shining One

Annotations:
D:3 exclusion: oklob plant


Innate Abilities, Weirdness & Mutations

You reflexively headbutt those who attack you in melee.
You have a pair of horns on your head.


Message History

You hit the plant but do no damage. x2
You hit the plant but do no damage.
The plant is almost destroyed.
You hit the plant. You hit the plant but do no damage. You hit the plant.
You headbutt the plant.
You destroy the plant!
You hit the plant. You hit the plant but do no damage.
You see here 2 fruits.
The oklob plant spits acid at you. The splash of acid hits you!
The acid corrodes you!
You are splashed with acid!
The acid burns!
* * * LOW HITPOINT WARNING * * *
You see here 2 fruits.
You see here a fruit.
You hit the oklob plant.
The oklob plant is lightly damaged.
You hit the plant but do no damage. x3
The oklob plant spits acid at you. The splash of acid hits you!
You die... # ############# ##### #P#PP.P...PP#P##P#PPP #PPP@P#P###P.PPPPPPP# #PP%%%%...PP#P.P#.#PP #P%.PPPP..PPPP...PP#P ##PPPPPP.......PPP#PP

#PPPP#..≈≈.≈≈..PP#PP
#PPPP...≈≈≈.≈≈≈....PP
#PPPP..≈≈≈≈.≈≈≈≈..P#P
#PP#P.≈≈≈≈≈.≈≈≈≈≈.PPP
#PPP#.≈≈≈≈...≈≈≈≈.P#P


You could see an oklob plant.

Vanquished Creatures
  2 adders (D:2)
  An ooze (D:1)
  3 worms
  A leopard gecko (D:2)
  4 bats
  2 giant cockroaches
  3 goblins
  5 hobgoblins
  A quokka (D:3)
  2 frilled lizards
  9 kobolds
  5 rats
  A plant (D:3)
39 creatures vanquished.

Notes
Turn   | Place    | Note
-------+----------+-------------------------------------------
     0 | D:1      | Megalobster the Minotaur Berserker began the quest for the Orb.
     0 | D:1      | Reached XP level 1. HP: 19/19 MP: 0/0
   107 | D:1      | Reached skill level 4 in Axes
   107 | D:1      | Reached XP level 2. HP: 22/27 MP: 1/1
   558 | D:2      | Reached XP level 3. HP: 22/33 MP: 2/2
   817 | D:2      | Found a faded altar of an unknown god.
   933 | D:2      | Found a sparkling altar of Nemelex Xobeh.
  1024 | D:2      | Reached skill level 5 in Axes
  1416 | D:3      | Reached ** piety under Trog
  1530 | D:3      | Found a glowing golden altar of the Shining One.
  1575 | D:3      | Found a blossoming altar of Fedhas.
  1594 | D:3      | Noticed an oklob plant
  1619 | D:3      | Killed from afar by an oklob plant

Vault maps used:
D:1:      minmay_arrival_up_and_down
D:2:      nemelex_altar_shiori, first_bread, chequers_ecumenical_altar_simple
D:3:      lemuel_coloured_pillars_altar, minmay_misc_feat_tower, tgw_fedhas

Skill      XL: |  1  2  3 |
---------------+----------+-----
Axes           | 4 5 |  5.3
Fighting       | 4 |  4.3
Armour         | |  2.4
Dodging        | |  2.1

Action                   || total
-------------------------++-------
Melee: Hand axe          ||   100
       Headbutt          ||    21
Invok: Berserk           ||     1
  Eat: Chunk             ||     3
Armor: Animal skin       ||    12
Dodge: Dodged            ||    54
